AoeStats
← PK_-_93

Arena

508618134Analyzed
4v4 RM · 9d ago on Sep 23, 2026· 63m 17s· 8 players
Game mode
Random Map
Map size
Large (8 player)
Population
200
Speed
Normal
Resources
Standard
Victory
Conquest
Starting age
Dark Age
Ending age
Imperial Age
RankedLock teamsTeams togetherTeam positionsShared explorationLock speedFull tech treeHidden civsTurbo modeCheats
Victory
Defeat
🇿🇦 Saxons · South Africa
869
+15
🇨🇳 Poles · China
743
+20
🇵🇪 Italians · Peru
669
+23
🇯🇵 Gurjaras · Japan
611
+24
🇬🇷 Byzantines · Greece
916
-24
🇩🇪 Japanese · Germany
899
-23
🇷🇴 Franks · Romania
882
-23
🇲🇩 Bulgarians · Moldova
607
-12
ksffvbh
0:31 Loom
16:23 Feudal Age
18:16 Wheelbarrow
17:24 Horse Collar
18:28 Double-Bit Axe
18:39 Stone Mining
18:43 Gold Mining
21:48 Castle Age
22:45 Hand Cart
22:33 Heavy Plow
22:47 Bow Saw
23:13 Scale Barding Armor
23:18 Forging
23:11 Husbandry
23:21 Bloodlines
22:32 Light Cavalry
26:43 Treadmill Crane
28:45 Chain Barding Armor
33:38 Imperial Age
31:47 Iron Casting
35:49 Blast Furnace
35:12 Conscription
35:12 Lechitic Legacy
34:18 Winged Hussar
43:05 Szlachta Privileges
47:11 Crop Rotation
50:30 Cavalier
leonedu
5:48 Loom
11:32 Feudal Age
15:37 Castle Age
13:32 Stone Mining
13:38 Double-Bit Axe
17:56 Town Watch
18:32 Fletching
19:39 Padded Archer Armor
21:06 Bodkin Arrow
21:24 Gold Mining
32:05 Leather Archer Armor
32:33 Murder Holes
33:02 Ballistics
34:47 Wheelbarrow
40:45 Hand Cart
41:05 Bow Saw
45:27 Imperial Age
45:18 Bloodlines
45:10 Husbandry
46:41 Masonry
46:44 Fortified Wall
47:51 Bracer
47:58 Scale Barding Armor
48:04 Forging
50:32 Conscription
50:25 Caravan
52:37 Chain Barding Armor
53:37 Town Patrol
57:43 Elite Genoese Crossbowman
58:35 Pirotechnia
59:02 Hoardings
61:02 Capped Ram
62:44 Coinage
62:25 Guilds
Loopia
9:28 Loom
12:38 Feudal Age
14:55 Wheelbarrow
14:06 Town Watch
14:09 Double-Bit Axe
14:07 Horse Collar
17:50 Castle Age
16:37 Forging
16:36 Scale Barding Armor
17:09 Gold Mining
18:12 Stone Mining
18:46 Bloodlines
19:07 Bow Saw
20:03 Caravan
25:26 Hand Cart
27:53 Gold Shaft Mining
27:57 Stone Shaft Mining
32:01 Imperial Age
29:34 Town Patrol
30:35 Ballistics
30:20 Husbandry
31:00 Iron Casting
30:37 Scale Mail Armor
30:52 Thumb Ring
31:39 Kshatriyas
33:54 Conscription
34:51 Chemistry
34:28 Heavy Plow
34:51 Elite Shrivamsha Rider
36:00 Heavy Camel Rider
39:21 Crop Rotation
38:50 Elite Chakram Thrower
50:31 Chain Mail Armor
Neytjie
12:07 Feudal Age
10:23 Loom
16:53 Castle Age
17:10 Double-Bit Axe
17:07 Horse Collar
17:19 Stone Mining
17:20 Gold Mining
18:42 Town Watch
20:59 Bow Saw
21:26 Heavy Plow
23:15 Arson
25:36 Wheelbarrow
26:34 Squires
28:45 Hand Cart
32:03 Imperial Age
30:11 Scale Mail Armor
30:37 Forging
31:32 Chain Mail Armor
31:09 Gambesons
32:26 Iron Casting
33:48 Two-Man Saw
33:21 Crop Rotation
33:38 Gold Shaft Mining
34:03 Plate Mail Armor
33:24 Elite Varangian Guard
35:06 Conscription
37:32 Shield Wall
42:04 Fletching
43:10 Hoardings
45:03 Ballistics
45:44 Chemistry
44:58 Bodkin Arrow
44:52 Arrowslits
49:42 Masonry
49:42 Bracer
55:26 Siege Engineers
55:51 Architecture
57:28 Coinage
62:08 Murder Holes
62:44 Architecture
61:56 Treadmill Crane
62:49 Architecture
62:15 Murder Holes
PK_-_93
10:12 Feudal Age
11:20 Double-Bit Axe
11:49 Horse Collar
16:32 Stone Mining
19:51 Castle Age
21:41 Bow Saw
21:33 Heavy Plow
21:25 Gold Mining
23:57 Loom
27:20 Ballistics
27:15 Forging
27:06 Scale Mail Armor
26:56 Fletching
26:57 Gambesons
27:13 Squires
30:08 Town Watch
31:24 Wheelbarrow
36:34 Imperial Age
34:02 Pikeman
35:31 Iron Casting
35:07 Bodkin Arrow
35:43 Chain Mail Armor
37:36 Halberdier
41:06 Two-Man Saw
40:34 Elite Samurai
41:38 Conscription
46:28 Blast Furnace
45:29 Bracer
46:07 Plate Mail Armor
52:15 Chemistry
saniuwa
1:08 Loom
13:17 Feudal Age
13:44 Horse Collar
13:52 Double-Bit Axe
21:54 Castle Age
20:16 Stone Mining
20:32 Gold Mining
23:32 Wheelbarrow
22:42 Town Watch
24:22 Bow Saw
25:11 Heavy Plow
29:00 Gold Shaft Mining
29:02 Stone Shaft Mining
29:02 Caravan
30:19 Hand Cart
30:34 Fervor
36:03 Imperial Age
33:52 Fletching
34:14 Forging
34:05 Scale Mail Armor
34:11 Scale Barding Armor
34:21 Bloodlines
34:21 Husbandry
34:34 Gambesons
34:50 Squires
34:19 Pikeman
35:12 Bodkin Arrow
35:50 Chain Mail Armor
36:20 Iron Casting
36:22 Chain Barding Armor
38:35 Conscription
39:50 Crop Rotation
39:21 Murder Holes
39:47 Ballistics
39:39 Masonry
41:13 Bracer
42:14 Blast Furnace
41:44 Plate Mail Armor
41:50 Plate Barding Armor
45:33 Elite Konnik
47:57 Architecture
53:49 Bagains
balkania
4:22 Loom
10:57 Feudal Age
15:50 Castle Age
36:37 Gold Mining
38:38 Wheelbarrow
45:13 Gold Shaft Mining
47:30 Imperial Age
47:36 Imperial Age
47:33 Horse Collar
49:45 Chemistry
48:20 Heavy Camel Rider
49:55 Heavy Plow
50:47 Conscription
52:15 Hand Cart
52:36 Scale Barding Armor
52:42 Forging
53:38 Chain Barding Armor
54:20 Crop Rotation
55:36 Iron Casting
55:37 Plate Barding Armor
balintq
11:00 Feudal Age
14:51 Castle Age
13:02 Double-Bit Axe
16:49 Bow Saw
22:57 Scale Barding Armor
23:03 Forging
25:33 Husbandry
27:57 Wheelbarrow
30:00 Hand Cart
29:45 Gold Mining
29:46 Stone Mining
30:08 Ordonnance Companies
34:52 Imperial Age
32:08 Town Watch
32:08 Loom
32:46 Chain Barding Armor
33:01 Iron Casting
32:27 Scale Mail Armor
32:19 Fletching
33:09 Gold Shaft Mining
33:48 Town Patrol
34:03 Padded Archer Armor
34:09 Caravan
35:43 Cavalier
37:27 Blast Furnace
37:03 Plate Barding Armor
36:44 Chain Mail Armor
36:25 Bodkin Arrow
36:46 Leather Archer Armor
36:33 Squires
36:19 Arson
37:02 Conscription
36:53 Chivalry
37:33 Paladin
37:46 Elite Throwing Axeman
39:02 Hoardings
39:58 Plate Mail Armor
43:51 Masonry
43:22 Treadmill Crane
44:02 Ballistics
44:43 Chemistry
43:28 Arrowslits
43:55 Fortified Wall
43:40 Murder Holes
43:52 Siege Engineers
Connection lost

Rejoining the realm…

Still unreachable

The connection could not be restored.

Session expired

The server has moved on; the page needs a fresh start.